cohdb
Replays
Latest Replays
All Replays
Popular Replays
Top Player Replays
Match Explorer
How It Works
Community
CoH3 Stats
Reddit
Sign in to upload your games and track your stats! →
Sign in with Steam
Match 42670866
Unlisted
Match 42670866
Overview
Messages
Build Orders
End
Construct Section Command Post
Infantry Section
Selects Canadian Shock Battlegroup
Infantry Section
Infantry Section
Infantry Section
Construct Platoon Command Post
CMP 15cwt Truck
Selects Incendiary Munitions
6-pounder Anti-tank Gun Team
6-pounder Anti-tank Gun Team
Selects Pyrotechnics
6-pounder Anti-tank Gun Team
Infantry Training
6-pounder Anti-tank Gun Team
Selects Churchill Crocodile Heavy Tank
Grenade Package
Selects Attacking Spirit
Selects Canadian Shock Section
Selects Point Assault
Churchill Crocodile Heavy Tank
XuZhongwei
THEONE
W.H
Antrax En Tu Tampax
CPU - 专家
CPU - 专家
CPU - 专家
CPU - 专家
0
0
Comments
sign in to comment!
No comments posted yet!